 Dungeon Crawl Stone Soup version 0.18.1-6-gd335043 (webtiles) character file.

233404 manyhoops the Warrior (level 18, 0/158 HPs)
             Began as a Demonspawn Gladiator on May 16, 2016.
             Was the Champion of Qazlal.
             Killed by drain life
             ... invoked by a soul eater
              (10 damage)
             ... on level 2 of the Vaults.
             The game lasted 01:44:34 (42652 turns).

manyhoops the Warrior (Demonspawn Gladiator)       Turns: 42652, Time: 01:44:35

Health: 0/158      AC: 43    Str: 25    XL:     18   Next: 41%
Magic:  30/30      EV:  4    Int: 11    God:    Qazlal [******]
Gold:   2672       SH: 20    Dex: 12    Spells: 0 memorised, 17 levels left

rFire  + . .     SeeInvis +     x - +11 hand axe of Gloom {chop, SInv}
rCold  . . .     Gourm    .     f - +4 plate armour {rPois}
rNeg   . . .     Faith    .     y - +2 buckler
rPois  +         Spirit   .     K - +2 helmet
rElec  .         Dismiss  .     I - +2 cloak of the Hidden Vale {Str+2}
rCorr  .         Reflect  +     (gloves unavailable)
SustAt .         Harm     .     k - +0 pair of boots
MR     +....                    V - +5 amulet of reflection
Stlth  ..........               v - +3 ring of protection
                                e - +2 ring of strength

@: protected from fire, repel missiles, somewhat resistant to hostile
enchantments, extremely unstealthy
A: claws 3, rough black scales 3, demonic guardian 2, spiny 2
a: Upheaval, Elemental Force, Disaster Area, Renounce Religion
}: 2/15 runes: decaying, gossamer


You were on level 2 of the Vaults.
You worshipped Qazlal.
Qazlal was exalted by your worship.
You were not hungry.

You visited 7 branches of the dungeon, and saw 36 of its levels.
You also visited: Ossuary.

You collected 3341 gold pieces.
You spent 669 gold pieces at shops.

Inventory:

Hand Weapons
 x - the +11 hand axe of Gloom (weapon) {chop, SInv}
   (You found it on level 12 of the Dungeon)

   It inflicts extra damage upon your enemies.
   It lets you see invisible.
 X - the +0 war axe of Summertime {flame, Str+3}
   (You found it on level 8 of the Lair of Beasts)

   It has been specially enchanted to burn those struck by it, causing extra
   injury to most foes and up to half again as much damage against particularly
   susceptible opponents.
   Big, fiery blades are also staple armaments of hydra-hunters.
   It affects your strength (+3).
Missiles
 d - 5 throwing nets (quivered)
Armour
 f - a +4 plate armour of poison resistance (worn)
 i - a +2 cloak of invisibility
 k - a +0 pair of boots (worn)
 n - a +0 plate armour of fire resistance
 y - a +2 buckler (worn)
 I - the +2 cloak of the Hidden Vale (worn) {Str+2}
   (You found it on level 2 of the Swamp)

   It affects your strength (+2).
 K - a +2 helmet (worn)
Jewellery
 e - a +2 ring of strength (left claw)
 g - an uncursed amulet of dismissal
 v - a +3 ring of protection (right claw)
 C - an uncursed ring of protection from fire
 P - an uncursed ring of protection from fire
 R - an uncursed ring of sustain attributes
 V - a +5 amulet of reflection (around neck)
Wands
 a - a wand of teleportation (4/9)
 m - a wand of flame (33/48)
 q - a wand of lightning (4/15)
Scrolls
 b - 2 scrolls of amnesia
 h - 6 scrolls of identify
 l - 10 scrolls of teleportation
 w - 3 scrolls of vulnerability
 z - 2 scrolls of magic mapping
 B - 8 scrolls of random uselessness
 G - 5 scrolls of immolation
 J - 11 scrolls of recharging
 N - 7 scrolls of fear
 Q - 3 scrolls of remove curse
 S - 2 scrolls of fog
 Y - a scroll of enchant weapon
 Z - 3 scrolls of blinking
Potions
 c - 2 potions of cancellation
 j - a potion of resistance
 o - 2 potions of heal wounds
 p - 12 potions of curing
 s - a potion of magic
 A - 2 potions of berserk rage
 D - 5 potions of agility
 E - 3 potions of flight
 F - 5 potions of haste
 H - 3 potions of cure mutation
 L - 4 potions of might
 O - a potion of brilliance
 W - 3 potions of ambrosia
Miscellaneous
 u - a lamp of fire
 T - a phantom mirror
Comestibles
 r - 5 meat rations
 t - 4 bread rations
 U - 2 slices of pizza


   Skills:
 * Level 18.6 Fighting
 - Level 14.0 Axes
   Level 0.3(9.3) Maces & Flails
 - Level 1.7 Throwing
 + Level 16.7 Armour
 - Level 2.6 Dodging
 - Level 5.1 Shields
 * Level 16.3 Invocations


You had 17 spell levels left.
You didn't know any spells.

Dungeon Overview and Level Annotations

Branches:
Dungeon (15/15)            Temple (1/1) D:6            Lair (8/8) D:8
  Swamp (4/4) Lair:5       Spider (4/4) Lair:3        Slime (0/6) Lair:7
    Orc (2/2) D:12            Elf (0/3) Orc:2        Vaults (2/5) D:14
 Depths (0/5) D:15
  Crypt: Vaults:2-3

Altars:
Ashenzari
Cheibriados
Dithmenos
Elyvilon
Fedhas
Gozag
Kikubaaqudgha
Makhleb
Nemelex Xobeh
Okawaru
Pakellas
Qazlal
Ru
Sif Muna
Trog
Vehumet
Xom
Yredelemnul
The Shining One
Beogh

Shops:
D:7 =   D:11 *   D:12 (   D:13 %:   D:14 *   Orc:2 *[=(

Annotations:
D:4 Canard's ghost, amateur MiMo
D:7 exclusion: oklob plant
Vaults:2 Moloch's ghost, adept DsBe


Innate Abilities, Weirdness & Mutations

You have claws for hands.
You are completely covered in rough black scales (AC +10, Dex -3).
A demonic guardian rushes to your aid.
You are mostly covered in sharp spines.


Message History

You are engulfed in roaring flames.
You resist.
You feel more protected from fire.
You hear a shout!
Moloch's ghost hits you!!
* * * LOW HITPOINT WARNING * * *
You feel more protected from fire. You block the fire vortex's attack.
Unknown command.
You are engulfed in roaring flames.
You resist.
You feel more protected from fire.
* * * LOW HITPOINT WARNING * * *
The fire vortex sizzles in the rain.
The fire vortex dissipates!
The salamander stormcaller hits you but does no damage.
Moloch's ghost hits you!
* * * LOW HITPOINT WARNING * * *
Moloch's ghost burns you.
* * * LOW HITPOINT WARNING * * *
The soul eater draws from the surrounding life force!
You die...

######## #......#
#......#############
#......#.....v.§v§§#
#......#.....#vv§.3#
#......#.....#§§@§.#
#......#...#####W§§#
#..§...#...# #§N§########
#......N.### ###3÷......#
#<.....#...# #†.N#......#
###§####..D#####)§.#......#
.3§.# #.....#.§...#......#
#c#.# #.....#.....#......#
#.#W# #.....((....#......#


You could see a salamander stormcaller, a salamander, a soul eater, 4 fire
vortices, Moloch's ghost and a friendly sun demon.

Vanquished Creatures
  the Lernaean hydra (Swamp:4)
  Agnes (D:14)
  Donald (Spider:1)
  2 vault wardens (Vaults:1)
  A ghost moth (Spider:4)
  5 emperor scorpions
  An orc warlord (Orc:1)
  A very ugly thing (Vaults:1)
  2 stone giants
  3 spark wasps (Spider:4)
  Azrael (Spider:1)
  A vault guard (Vaults:1)
  Josephine (D:11)
  A great orb of eyes (Vaults:2)
  A yaktaur captain (Vaults:1)
  3 entropy weavers (Spider:2)
  A rakshasa (Vaults:1)
  A ghost crab (Swamp:4)
  18 hydras
  2 death knights
  4 centaur warriors
  10 alligators
  2 ogre magi
  2 catoblepae
  A tengu warrior (D:15)
  The ghost of no0bjke the Cleaver, a journeyman GrFi of Okawaru (D:10)
  A deep troll shaman (Lair:8)
  Urug (D:10)
  14 death yaks
  3 deep elf knights (Vaults:1)
  2 orc high priests
  The ghost of sergedm the Eclecticist, a journeyman DECj of Vehumet (Orc:2)
  Nergalle (Lair:1)
  6 skeletal warriors
  A shadow wraith (Vaults:2)
  6 unseen horrors
  10 swamp dragons
  An ironbrand convoker (Vaults:1)
  A flayed ghost (Vaults:1)
  2 spriggan druids (Swamp:3)
  A shambling mangrove (Swamp:4)
  A lindwurm (Lair:7)
  A lindwurm (shapeshifter) (D:15)
  11 orc knights
  2 necromancers
  A golden dragon skeleton (D:15)
  A tengu zombie (D:15)
  A hill giant (Vaults:1)
  5 harpies (Vaults:2)
  A wizard (Vaults:2)
  21 wolf spiders
  5 hornets
  A frost giant zombie (D:15)
  An orc sorcerer (Orc:1)
  3 deep elf magi
  2 griffons
  12 orb spiders
  A manticore (D:12)
  A shining eye (Lair:7)
  5 cyclopes
  12 ugly things
  2 moths of wrath
  A salamander (Vaults:2)
  14 elephants
  A stone giant skeleton (D:15)
  3 black mambas
  Joseph (Lair:1)
  23 spiny frogs
  A gargoyle (D:15)
  3 rime drakes
  6 yaktaurs
  9 komodo dragons
  A demonic crawler (Spider:3)
  2 kobold demonologists
  A tengu conjurer (D:15)
  A freezing wraith (Vaults:2)
  6 trolls
  A jumping spider (shapeshifter) (D:14)
  4 polar bears
  6 giant leeches
  15 jumping spiders
  11 blink frogs
  5 bog bodies
  A hornet zombie (D:15)
  5 two-headed ogres
  13 slime creatures
  3 boulder beetles
  3 spriggans
  2 shadows
  9 wraiths
  63 redbacks
  23 tarantellas
  4 wyverns
  43 yaks
  A fire elemental (Spider:1)
  2 basilisks
  2 humans (D:7)
  10 hippogriffs
  35 vampire mosquitoes
  A hungry ghost (D:7)
  14 insubstantial wisps
  A steam dragon (D:10)
  3 mottled dragons
  3 wargs
  16 water moccasins
  A soldier ant (D:9)
  8 swamp drakes
  22 swamp worms
  A hell hound (Spider:1)
  6 porcupines
  4 ice beasts
  35 orc warriors
  9 wasps
  4 black bears
  2 sky beasts
  16 ogres
  14 centaurs
  2 phantoms
  A necrophage (D:9)
  5 wolves (Lair:8)
  22 crocodiles
  11 giant frogs
  3 big kobolds
  2 wyvern zombies
  A wyvern skeleton (D:14)
  4 scorpions
  6 killer bees
  15 wights
  3 electric eels
  11 howler monkeys
  4 centaur zombies
  4 crimson imps
  A giant frog zombie (D:10)
  6 hounds
  A quasit (D:11)
  7 centaur skeletons
  4 giant frog skeletons
  20 orc priests
  4 jellies
  5 iguanas
  33 orc wizards
  9 worker ants
  4 sheep
  A hound zombie (D:6)
  2 hound skeletons
  45 river rats
  9 adders
  4 gnolls
  6 shadow imps
  An ooze (Lair:7)
  3 adder zombies
  4 adder skeletons
  5 worms
  2 dart slugs
  A giant gecko (D:6)
  108 orcs
  12 giant cockroaches
  5 goblins
  6 hobgoblins
  3 jackals (D:2)
  18 kobolds
  5 quokkas
  A ball python skeleton (Ossuary)
  6 bats
  2 giant gecko skeletons
  4 giant newts
  A hobgoblin skeleton (Ossuary)
  2 hobgoblin zombies (Ossuary)
  A jackal zombie (D:8)
  2 kobold zombies (Ossuary)
  An orc skeleton (Ossuary)
  An orc zombie (Ossuary)
  8 rats
  A rat zombie (D:5)
  2 bushes (Lair:8)
  2 fire vortices (Vaults:2)
  73 fungi
  30 plants
  3 withered plants (D:15)
1271 creatures vanquished.

Vanquished Creatures (collateral kills)
  A thorn hunter (Swamp:3)
  Roxanne (Swamp:3)
  Louise (D:14)
  A ghost moth (Spider:4)
  2 emperor scorpions (Spider:4)
  2 very ugly things (Vaults:1)
  A stone giant (Orc:1)
  Nessos (D:14)
  Snorg (D:12)
  Erolcha (Orc:1)
  3 centaur warriors
  4 hydras
  An alligator (Swamp:3)
  3 death yaks
  An orc high priest (Orc:2)
  2 skeletal warriors (D:15)
  A swamp dragon (Swamp:4)
  An orc knight (Orc:1)
  2 orb spiders (Spider:4)
  2 hill giants (D:13)
  A phantasmal warrior (D:15)
  3 orc sorcerers (Orc:2)
  2 ugly things
  3 elephants
  A vault sentinel (Vaults:1)
  A demonic crawler (Spider:4)
  A yaktaur (Vaults:1)
  A tengu conjurer (D:14)
  2 jumping spiders (Spider:2)
  A bog body (Swamp:4)
  A slime creature (D:13)
  A two-headed ogre (D:15)
  2 redbacks
  A tarantella (Spider:2)
  2 wraiths
  A fire elemental (Spider:1)
  14 yaks
  A hippogriff (D:5)
  3 vampire mosquitoes (Swamp:4)
  2 insubstantial wisps (Swamp:3)
  A warg (Vaults:2)
  2 hell hounds (Spider:1)
  A porcupine (Lair:7)
  7 orc warriors
  A wasp (D:9)
  An ogre (D:5)
  5 centaurs
  A big kobold (D:14)
  A giant frog (Lair:1)
  A howler monkey (D:5)
  A crimson imp (D:7)
  4 orc priests (Orc:2)
  3 orc wizards
  An adder (D:10)
  11 orcs
  A briar patch (Swamp:3)
118 creatures vanquished.

Vanquished Creatures (others)
  An unseen horror (Vaults:1)
  A bog body (Swamp:1)
  A hell hound (Spider:1)
  An orc priest (Orc:1)
  2 orcs
  2 briar patches (Swamp:3)
  19 fungi
  6 plants
33 creatures vanquished.

Grand Total: 1422 creatures vanquished

Notes
Turn   | Place    | Note
--------------------------------------------------------------
     0 | D:1      | manyhoops the Demonspawn Gladiator began the quest for the Orb.
     0 | D:1      | Reached XP level 1. HP: 16/16 MP: 1/1
   165 | D:1      | Gained mutation: You are partially covered in sharp spines. [demonic ancestry]
   165 | D:1      | Reached XP level 2. HP: 22/22 MP: 2/2
   611 | D:2      | Found an opulent altar of Gozag.
   693 | D:2      | Gained mutation: You have sharp fingernails. [demonic ancestry]
   693 | D:2      | Reached XP level 3. HP: 3/28 MP: 3/3
  1700 | D:3      | Found an oddly glowing altar of Pakellas.
  1712 | D:3      | Found a deep blue altar of Sif Muna.
  1798 | D:3      | Gained mutation: A weak demonic guardian rushes to your aid. [demonic ancestry]
  1798 | D:3      | Reached XP level 4. HP: 33/34 MP: 4/4
  1826 | D:3      | Reached skill level 1 in Armour
  2283 | D:4      | Reached skill level 3 in Fighting
  2283 | D:4      | Reached XP level 5. HP: 20/41 MP: 5/5
  2490 | D:4      | Found a sacrificial altar of Ru.
  2903 | D:4      | You fall through a shaft for 2 floors!
  2904 | D:6      | Noticed a centaur
  2908 | D:6      | Killed a centaur
  2908 | D:6      | Gained mutation: You have very sharp fingernails. [demonic ancestry]
  2908 | D:6      | Reached XP level 6. HP: 22/47 MP: 6/6
  3019 | D:6      | Reached skill level 5 in Axes
  3054 | D:5      | Entered Level 5 of the Dungeon
  3054 | D:5      | Found a sand-covered staircase.
  3109 | Ossuary  | Entered an ossuary
  3299 | Ossuary  | Noticed a flying skull
  3299 | Ossuary  | Noticed a wraith
  3306 | Ossuary  | Noticed a flying skull
  3310 | Ossuary  | Noticed a flying skull
  3330 | Ossuary  | Noticed a flying skull
  3354 | Ossuary  | Noticed a flying skull
  3378 | Ossuary  | Noticed a wraith
  3389 | Ossuary  | Killed a wraith
  3389 | Ossuary  | Reached XP level 7. HP: 20/53 MP: 7/7
  3608 | Ossuary  | Noticed a wraith
  3614 | Ossuary  | Killed a wraith
  3614 | Ossuary  | Reached skill level 4 in Fighting
  4207 | D:5      | Noticed a hippogriff
  4236 | D:5      | Killed a hippogriff
  4236 | D:5      | Reached skill level 5 in Armour
  4236 | D:5      | Gained mutation: You are partially covered in rough black scales (AC +4, Dex -1). [demonic ancestry]
  4236 | D:5      | Reached XP level 8. HP: 52/61 MP: 8/8
  5099 | D:4      | Reached skill level 5 in Fighting
  5344 | D:4      | Noticed Canard's ghost (amateur MiMo)
  5640 | D:6      | Found a staircase to the Ecumenical Temple.
  5646 | Temple   | Entered the Ecumenical Temple
  5706 | Temple   | Became a worshipper of Qazlal Stormbringer
  6441 | D:7      | Found a sparkling altar of Nemelex Xobeh.
  6450 | D:7      | Noticed an oklob plant
  6496 | D:7      | Found Yhifraun's Jewellery Emporium.
  6732 | D:7      | Gained mutation: You have claws for hands. [demonic ancestry]
  6732 | D:7      | Reached XP level 9. HP: 53/69 MP: 9/9
  6733 | D:7      | Reached skill level 6 in Fighting
  6738 | D:7      | Found an iron altar of Okawaru.
  7058 | D:7      | Reached * piety under Qazlal
  7219 | D:8      | Found a staircase to the Lair.
  7375 | D:8      | Reached skill level 1 in Invocations
  7760 | D:8      | Found a shadowy altar of Dithmenos.
  8068 | D:8      | Identified a scroll of acquirement
  8182 | D:9      | Killed an unseen horror
  8182 | D:9      | Reached skill level 7 in Fighting
  8239 | D:9      | Gained mutation: You are mostly covered in sharp spines. [demonic ancestry]
  8239 | D:9      | Reached XP level 10. HP: 72/79 MP: 12/12
  8735 | D:9      | Found a bloodstained altar of Trog.
  8735 | D:9      | Found a sparkling altar of Nemelex Xobeh.
  9016 | D:10     | Entered Level 10 of the Dungeon
  9452 | D:10     | Noticed no0bjke's ghost (journeyman GrFi)
  9500 | D:10     | Noticed Urug
  9927 | D:10     | Killed an unseen horror
  9927 | D:10     | Reached skill level 5 in Invocations
  9978 | D:10     | Reached ** piety under Qazlal
 10078 | D:10     | Reached skill level 8 in Fighting
 10266 | D:10     | Killed Urug
 10266 | D:10     | Reached skill level 10 in Axes
 10532 | D:11     | Gained mutation: You are mostly covered in rough black scales (AC +7, Dex -2). [demonic ancestry]
 10532 | D:11     | Reached XP level 11. HP: 86/86 MP: 15/15
 10574 | D:11     | Found Ymne's General Store.
 10590 | D:11     | Bought a scroll of teleportation for 39 gold pieces
 10590 | D:11     | Bought a scroll of teleportation for 39 gold pieces
 10590 | D:11     | Bought a scroll of identify for 26 gold pieces
 10919 | D:11     | Noticed Josephine
 10926 | D:11     | Killed Josephine
 11367 | D:11     | Reached *** piety under Qazlal
 11574 | D:12     | Noticed Snorg
 11661 | D:12     | Reached skill level 9 in Fighting
 11688 | D:12     | Got a faintly glowing hand axe
 11689 | D:12     | Identified the +11 hand axe of Gloom {chop, SInv} (You found it on level 12 of the Dungeon)
 11692 | D:12     | Found Zuikh's Weapon Shoppe.
 11882 | D:12     | Noticed a seven-headed hydra
 11905 | D:12     | Killed a seven-headed hydra
 12033 | D:12     | Noticed an unseen horror
 12036 | D:12     | Killed an unseen horror
 12107 | D:12     | Noticed a four-headed hydra
 12115 | D:12     | Killed a four-headed hydra
 12183 | D:12     | Reached **** piety under Qazlal
 12279 | D:12     | Noticed an unseen horror
 12283 | D:12     | Killed an unseen horror
 12303 | D:12     | Found a staircase to the Orcish Mines.
 12347 | D:12     | Gained mutation: A demonic guardian rushes to your aid. [demonic ancestry]
 12347 | D:12     | Reached XP level 12. HP: 94/97 MP: 18/18
 12383 | D:12     | HP: 2/97 [Snorg (13)]
 12786 | D:13     | Found Pit Irphauz's Book Shoppe.
 12789 | D:13     | Noticed a centaur warrior
 12810 | D:13     | Killed a centaur warrior
 12909 | D:13     | Reached skill level 10 in Fighting
 13109 | Lair:1   | Entered Level 1 of the Lair of Beasts
 13354 | Lair:1   | Noticed Joseph
 13363 | Lair:1   | HP: 2/97 [acid (14)]
 13368 | Lair:1   | Killed Joseph
 13652 | Lair:1   | Noticed Nergalle
 13668 | Lair:1   | Killed Nergalle
 13668 | Lair:1   | Reached skill level 10 in Armour
 13945 | Lair:2   | Reached ***** piety under Qazlal
 14104 | Lair:2   | Reached skill level 10 in Invocations
 14704 | Lair:3   | Found a hole to the Spider Nest.
 14964 | Lair:3   | Reached XP level 13. HP: 61/105 MP: 19/21
 15069 | Lair:3   | Found a shattered altar of Ashenzari.
 15560 | Lair:4   | Reached skill level 11 in Fighting
 16377 | Lair:1   | Gained mutation: You have large cloven feet. [potion of mutation]
 16377 | Lair:1   | Gained mutation: You are frail (-10% HP). [potion of mutation]
 16377 | Lair:1   | Gained mutation: Scrolls take you a little longer to read. [potion of mutation]
 16416 | D:8      | Lost mutation: You have large cloven feet. [potion of cure mutation]
 16416 | D:8      | Lost mutation: You are frail (-10% HP). [potion of cure mutation]
 16416 | D:8      | Lost mutation: Scrolls take you a little longer to read. [potion of cure mutation]
 16741 | Lair:5   | Found a staircase to the Swamp.
 17485 | Lair:6   | Gained mutation: You have a pair of small horns on your head. [potion of beneficial mutation]
 17486 | Lair:6   | Gained mutation: You have a pair of horns on your head. [potion of beneficial mutation]
 17503 | Lair:6   | Lost mutation: You have a pair of horns on your head. [potion of cure mutation]
 17503 | Lair:6   | Lost mutation: You have a pair of small horns on your head. [potion of cure mutation]
 18067 | Lair:7   | Reached ****** piety under Qazlal
 18230 | Lair:7   | Gained mutation: You are robust (+10% HP). [a shining eye]
 18233 | Lair:7   | Gained mutation: You occasionally shout uncontrollably at your foes. [a shining eye]
 18525 | Lair:7   | Found a staircase to the Slime Pits.
 18852 | Lair:8   | Entered Level 8 of the Lair of Beasts
 18865 | Lair:8   | Reached skill level 12 in Fighting
 18917 | Lair:8   | Reached XP level 14. HP: 114/126 MP: 23/23
 19933 | Lair:8   | Got a blackened war axe
 19934 | Lair:8   | Identified the cursed +0 war axe of Summertime {flame, Str+3} (You found it on level 8 of the Lair of Beasts)
 20548 | D:8      | Gained mutation: You have a pair of small horns on your head. [potion of mutation]
 20548 | D:8      | Gained mutation: You evolve. [potion of mutation]
 20548 | D:8      | Gained mutation: Your muscles are strong. (Str +2) [potion of mutation]
 20599 | D:10     | Killed no0bjke's ghost
 20648 | D:12     | Killed Snorg
 20893 | Orc:1    | Entered Level 1 of the Orcish Mines
 21131 | Orc:2    | Entered Level 2 of the Orcish Mines
 21142 | Orc:2    | Noticed a stone giant
 21359 | Orc:1    | Killed a stone giant
 21537 | Orc:2    | Noticed sergedm's ghost (journeyman DECj)
 21552 | Orc:1    | Reached skill level 13 in Fighting
 21680 | Orc:2    | Killed sergedm's ghost
 21721 | Orc:2    | Found a staircase to the Elven Halls.
 21892 | Orc:2    | Noticed an orc warlord
 21927 | Orc:1    | Killed an orc warlord
 22232 | Orc:2    | Paralysed by an orc sorcerer for 7 turns
 22256 | Orc:2    | Found a roughly hewn altar of Beogh.
 22634 | Orc:2    | Noticed a stone giant
 22649 | Orc:2    | Killed a stone giant
 22649 | Orc:2    | Reached XP level 15. HP: 109/136 MP: 25/25
 22687 | Orc:2    | Found Hesit's Antique Weapon Shop.
 22702 | Orc:2    | Found Jeajicw's Antique Armour Shop.
 22719 | Orc:2    | Found Naretiaz's General Store.
 22725 | Orc:2    | Bought a scroll of magic mapping for 49 gold pieces
 22733 | Orc:2    | Found Xoruiq's Jewellery Shop.
 23283 | Orc:2    | Bought an uncursed amulet of harm for 420 gold pieces
 23485 | Orc:1    | Noticed Erolcha
 23907 | Orc:1    | Killed Erolcha
 23946 | Orc:1    | Found a roughly hewn altar of Beogh.
 24406 | D:13     | Found a stormy altar of Qazlal.
 24408 | D:13     | Found Irorir's Food Boutique.
 24673 | D:14     | Noticed Nessos
 24689 | D:14     | Killed Nessos
 24774 | D:14     | Noticed Louise
 24778 | D:14     | Killed Louise
 24778 | D:14     | Reached skill level 1 in Shields
 25015 | D:14     | Noticed Agnes
 25031 | D:14     | Killed Agnes
 25166 | D:14     | Found a gate to the Vaults.
 25229 | D:14     | Gained mutation: Your spells are a little harder to cast, but a little more powerful. [evolution]
 25229 | D:14     | Lost mutation: You evolve. [end of evolution]
 25338 | D:14     | Found Zebluf Unwes's Assorted Antiques.
 25342 | D:14     | Bought a scroll of teleportation for 96 gold pieces
 25417 | D:14     | Reached skill level 5 in Shields
 25496 | D:15     | Entered Level 15 of the Dungeon
 25929 | D:15     | Found a staircase to the Depths.
 26381 | D:15     | Reached skill level 14 in Fighting
 26607 | D:15     | Found a bloodstained altar of Trog.
 27547 | Swamp:1  | Entered Level 1 of the Swamp
 27874 | Swamp:1  | Lost mutation: You are robust (+10% HP). [potion of cure mutation]
 27874 | Swamp:1  | Lost mutation: Your muscles are strong. (Str +2) [potion of cure mutation]
 27874 | Swamp:1  | Lost mutation: You occasionally shout uncontrollably at your foes. [potion of cure mutation]
 27874 | Swamp:1  | Lost mutation: Your spells are a little harder to cast, but a little more powerful. [potion of cure mutation]
 27874 | Swamp:1  | Lost mutation: You have a pair of small horns on your head. [potion of cure mutation]
 29026 | Swamp:2  | Gained mutation: You are completely covered in rough black scales (AC +10, Dex -3). [demonic ancestry]
 29026 | Swamp:2  | Reached XP level 16. HP: 120/133 MP: 26/26
 29666 | Swamp:3  | Noticed a thorn hunter
 29684 | Swamp:3  | Killed a thorn hunter
 30546 | Swamp:3  | Noticed Roxanne
 30674 | Swamp:3  | Killed Roxanne
 30674 | Swamp:3  | Reached skill level 15 in Armour
 31100 | Swamp:4  | Entered Level 4 of the Swamp
 31685 | Swamp:4  | Reached skill level 15 in Fighting
 31906 | Swamp:4  | Noticed the 27-headed Lernaean hydra
 31913 | Swamp:4  | Killed the 25-headed Lernaean hydra
 32053 | Swamp:4  | Got a bloodstained battleaxe
 32059 | Swamp:4  | Identified the cursed +0 battleaxe of the Dark Horse {chop, rN+} (You found it on level 4 of the Swamp)
 32536 | Swamp:4  | Got a decaying rune of Zot
 32914 | Spider:1 | Entered Level 1 of the Spider Nest
 32999 | Spider:1 | Noticed Donald
 33010 | Spider:1 | Killed Donald
 33050 | Spider:1 | Noticed Azrael
 33062 | Spider:1 | Killed Azrael
 33565 | Spider:1 | Reached XP level 17. HP: 143/144 MP: 28/28
 33578 | Spider:1 | Reached skill level 15 in Invocations
 34168 | Spider:2 | Reached skill level 16 in Fighting
 36714 | Spider:4 | Entered Level 4 of the Spider Nest
 37115 | Spider:4 | Reached skill level 17 in Fighting
 38095 | Spider:4 | Got a gossamer rune of Zot
 38657 | Vaults:1 | Entered Level 1 of the Vaults
 39368 | Vaults:1 | Reached XP level 18. HP: 137/156 MP: 28/30
 39941 | Vaults:1 | Reached skill level 18 in Fighting
 41729 | Swamp:2  | Got a bloodstained cloak
 41740 | Swamp:2  | Identified the +2 cloak of the Hidden Vale {Str+2} (You found it on level 2 of the Swamp)
 42291 | Vaults:2 | Noticed Moloch's ghost (adept DsBe)
 42652 | Vaults:2 | Killed from afar by a soul eater

Skill      XL: |  1  2  3  4  5  6  7  8  9 10 11 12 13 14 15 16 17 18 |
---------------+-------------------------------------------------------+-----
Axes           | 3 4 5 6 7 8 10 11 12 13 14 | 14.0
Armour         | 1 2 3 5 6 7 8 9 10 11 12 14 15 16 | 16.7
Fighting       | 3 4 5 7 8 9 10 12 13 14 15 17 18 | 18.6
Invocations    | 3 6 8 10 12 13 14 16 | 16.3
Shields        | 5 |  5.1
Maces & Flails | |  0.3
Throwing       | |  1.7
Dodging        | |  2.6

Action                   |  1- 3 |  4- 6 |  7- 9 | 10-12 | 13-15 | 16-18 || total
-------------------------+-------+-------+-------+-------+-------+-------++-------
Melee: War axe           |    75 |    76 |   229 |       |     7 |    91 ||   478
       Battleaxe         |       |       |    57 |   222 |       |       ||   279
       Hand axe          |       |       |       |   307 |  1228 |  1373 ||  2908
       Flail             |       |       |       |    11 |    19 |       ||    30
       Headbutt          |       |       |       |       |   135 |       ||   135
Throw: Throwing net      |       |       |       |     5 |       |       ||     5
Invok: Elemental Force   |       |       |       |       |     1 |     1 ||     2
       Disaster Area     |       |       |       |       |       |     5 ||     5
  Use: Scroll            |     5 |       |    16 |     9 |    14 |    16 ||    60
       Potion            |       |       |       |     3 |     7 |     2 ||    12
 Stab: Distracted        |       |     1 |     2 |     2 |     4 |     3 ||    12
       Sleeping          |       |     2 |       |       |       |       ||     2
       Held in net/web   |       |       |       |     2 |       |       ||     2
  Eat: Chunk             |     1 |       |    14 |    14 |    32 |     5 ||    66
       Meat ration       |       |     1 |       |     1 |     3 |     6 ||    11
       Bread ration      |       |     1 |       |     1 |       |       ||     2
       Beef jerky        |       |       |       |       |     1 |     1 ||     2
       Fruit             |       |       |       |       |       |     5 ||     5
Armor: Leather armour    |    17 |    18 |    12 |       |       |       ||    47
       Scale mail        |       |       |    91 |    67 |       |       ||   158
       Ring mail         |       |       |    28 |       |       |       ||    28
       Plate armour      |       |       |       |   321 |   458 |   753 ||  1532
       Chain mail        |       |       |       |       |     3 |       ||     3
Dodge: Dodged            |    35 |    44 |   151 |   154 |   192 |   279 ||   855
       Deflected         |       |       |       |     2 |    28 |     6 ||    36
Block: Other             |       |       |     3 |    77 |   215 |   438 ||   733
       Buckler           |       |       |       |       |   213 |   357 ||   570
       Reflection        |       |       |       |       |       |    14 ||    14
